 Dungeon Crawl Stone Soup version 0.28-a0-984-g3775c662fe (webtiles) character file.

Game seed: 13410487753958873302

17729 vurker the Summoner (level 11, 11/94 HPs)
             Began as a Demigod Summoner on Dec 3, 2021.
             Quit the game on level 2 of the Lair of Beasts.
             The game lasted 00:30:02 (17865 turns).

vurker the Summoner (Demigod Summoner)             Turns: 17865, Time: 00:30:03

Health: 11/94      AC: 16    Str:  9    XL:     11   Next: 94%
Magic:  9/30       EV: 12    Int: 29    God:
Gold:   729        SH:  5    Dex: 14    Spells: 26/31 levels left

rFire   . . .      SeeInvis .   j - +1 dagger
rCold   . . .      Faith    .   e - +0 buckler
rNeg    . . .      Spirit   .   a - +0 robe
rPois   .          Reflect  .   (no helmet)
rElec   .          Harm     .   v - +1 cloak {Stlth+}
rCorr   .          Rampage  .   n - +2 pair of gloves
Will    +....                   y - +0 pair of boots
Stlth   +++.......              (no amulet)
HPRegen 0.25/turn               l - +4 ring of protection
MPRegen 0.22/turn               r - +4 ring of protection

@: no status effects
A: high mp 1, forlorn, divine attributes
a: no special abilities


You were on level 2 of the Lair of Beasts.
You visited 2 branches of the dungeon, and saw 13 of its levels.

You collected 906 gold pieces.
You spent 177 gold pieces at shops.

Inventory:

Hand Weapons
 j - a +1 dagger (weapon)
   (You took it off a goblin on level 2 of the Dungeon)
Armour
 a - a +0 robe (worn)
 e - a +0 buckler (worn)
   (You found it on level 5 of the Dungeon)
 m - a +0 troll leather armour
   (You found it on level 7 of the Dungeon)
 n - a +2 pair of gloves (worn)
   (You found it on level 3 of the Dungeon)
 v - a +1 cloak of stealth (worn)
   (You took it off Maurice on level 9 of the Dungeon)
 y - a +0 pair of boots (worn)
   (You found it on level 9 of the Dungeon)
Magical Staves
 p - a staff of death
   (You found it on level 4 of the Dungeon)
Jewellery
 l - a +4 ring of protection (left hand)
   (You found it on level 2 of the Dungeon)
 q - a ring of see invisible
   (You found it on level 4 of the Dungeon)
 r - a +4 ring of protection (right hand)
   (You found it on level 6 of the Dungeon)
Wands
 d - a wand of iceblast (2)
   (You found it on level 11 of the Dungeon)
 s - a wand of charming (3)
   (You found it on level 11 of the Dungeon)
Scrolls
 b - a scroll of fear
 h - a scroll of blinking
 o - 4 scrolls of fog
 t - a scroll of immolation
 z - 10 scrolls of teleportation
Potions
 c - a potion of ambrosia
 f - 3 potions of haste
 g - 5 potions of curing
 i - a potion of brilliance
 k - 2 potions of heal wounds
 u - 2 potions of attraction {unknown}
 w - 3 potions of mutation
 x - a potion of lignification
 A - a potion of berserk rage {unknown}


   Skills:
 + Level 8.0 Fighting
 - Level 1.7 Dodging
 - Level 1.7 Stealth
 - Level 4.0 Shields
 * Level 10.8 Spellcasting
 * Level 12.1 Summonings


You had 26 spell levels left.
You knew the following spells:

 Your Spells              Type           Power      Damage    Failure   Level
a - Call Imp              Summ           72%        N/A       1%          2
b - Call Canine Familiar  Summ           72%        N/A       1%          3

Your spell library contained the following spells:

 Spells                   Type           Power      Damage    Failure   Level
 Summon Small Mammal      Summ           100%       N/A       1%          1
 Summon Guardian Golem    Hex/Summ       50%        N/A       1%          3
 Summon Lightning Spire   Summ/Air       50%        N/A       2%          4
 Beastly Appendage        Tmut           30%        N/A       3%          1
 Foxfire                  Conj/Fire      60%        2x1d7     3%          1
 Wereblood                Tmut           15%        N/A       5%          2
 Conjure Flame            Conj/Fire      15%        6-21      11%         3
 Dazzling Flash           Conj/Hex       30%        N/A       11%         3
 Inner Flame              Hex/Fire       15%        N/A       11%         3
 Spider Form              Tmut/Pois      15%        N/A       11%         3
 Airstrike                Air            7%         N/A       34%         4
 Flame Wave               Conj/Fire      15%        2d5       34%         4
 Iskenderun's Mystic Bla  Conj/Tloc      15%        2d5       34%         4
 Lightning Bolt           Conj/Air       7%         1d20      67%         5
 Starburst                Conj/Fire      7%         6d4       99%         6


Dungeon Overview and Level Annotations

Branches:
Dungeon (11/15)            Temple (0/1) D:6            Lair (2/6) D:9
    Orc (0/2) D:11
  Swamp: Lair:2-4    Shoals: Lair:2-4     Snake: Lair:2-4    Spider: Lair:2-4

Shops:
D:4 *   D:7 *   D:8 *   D:9 *[:(

Annotations:
D:4 1 runed translucent door, Hipnos's ghost, novice DEFE
D:7 1 runed translucent door, casual's ghost, novice DjCj


Innate Abilities, Weirdness & Mutations

You have an increased reservoir of magic. (+10% MP)
You shall have no god before yourself.
Your divine heritage dramatically boosts your attributes as you level up.


Message History

Your warg completely misses the death yak.
You barely miss the death yak.
Your warg barely misses the death yak.
You block the death yak's attack.
Your warg bites the death yak.
The death yak gores your warg!
Your warg barely misses the death yak.
Your warg bites the death yak!
Your warg bites the death yak!
The death yak gores your warg.
The death yak gores you but does no damage.
Your warg completely misses the death yak.
You swap places.
The death yak gores your warg.
Your warg barely misses the death yak.
You block the death yak's attack.
A beastly little devil appears in a puff of flame.
Your warg closely misses the death yak.
The death yak barely misses your warg. The death yak closely misses you.
A beastly little devil appears in a puff of flame.
Your crimson imp disappears in a puff of smoke!
Your warg bites the death yak.
The death yak gores your warg!! The death yak gores you!
Your warg bites the death yak but does no damage.
A beastly little devil appears in a puff of frigid air.
Your crimson imp disappears in a puff of smoke!
The death yak gores your warg!!
Your warg dies!
Your warg's corpse disappears in a puff of smoke!
The death yak barely misses you.
Your white imp hits the death yak but does no damage.
You swap places.
The death yak gores you!!
* * * LOW HITPOINT WARNING * * *
Your white imp hits the death yak but does no damage.
You hit the death yak but do no damage. The death yak gores your white imp!!
Your white imp dies!
Your white imp disappears in a puff of smoke!
The death yak gores you!
* * * LOW HITPOINT WARNING * * *
Your warg bites the death yak but does no damage.
Your warg bites the death yak.
Your warg bites the death yak!
The death yak gores your warg!!
Your warg bites the death yak.
The death yak closely misses your warg.
Your warg bites the death yak.
The death yak gores your warg.
Your warg bites the death yak!
Your warg bites the death yak!
The death yak gores your warg.
Your warg bites the death yak but does no damage.
The death yak barely misses your warg.
Your warg barely misses the death yak.
The death yak gores your warg!!
Your warg dies!
Your warg's corpse disappears in a puff of smoke!
The death yak bellows!
The death yak gores you!!
* * * LOW HITPOINT WARNING * * *
Your warg bites the death yak!

.....## #........# #.....##
#.......## .#.....##
##...)...## ........##
#.........# ###....Y.##
#####....†..## #......P####
#.##.........## ###......#.#
##............## #
#.......#####.............###
###......h.Y@..............#.
##..........#..............
##........................
#.#....>.................
####.....................
###......................P
##.....#..##............###
#.#...######...........## #
#....## #............#


You could see a death yak (ally target) and a friendly warg (summoned).

Vanquished Creatures
  A bullfrog (D:7)
  A hound (D:6)
  An orc wizard (D:4)
  2 adders
  A gnoll (D:3)
  An ufetubus (D:6)
  2 dart slugs
  An orc (D:4)
  3 ball pythons
  A bat (D:1)
  2 endoplasms (D:3)
  A giant cockroach (D:2)
  A kobold (D:9)
  A frilled lizard (D:2)
  3 rats
22 creatures vanquished.

Vanquished Creatures (collateral kills)
  2 hydras (D:11)
  A boulder beetle (D:11)
  A two-headed ogre (D:11)
  2 death yaks
  Pikel (D:9)
  Maurice (D:9)
  A black mamba (Lair:2)
  5 cane toads
  A kobold demonologist (D:11)
  An unseen horror (D:10)
  Maggie (D:7)
  A rime drake (Lair:2)
  A troll (D:7)
  5 blink frogs
  5 slime creatures (D:10)
  2 wraiths (D:11)
  2 basilisks (Lair:2)
  A vampire (D:6)
  A wyvern (D:8)
  16 yaks
  An acid dragon (D:10)
  3 water moccasins (Lair:2)
  A sky beast (D:5)
  3 orc warriors
  2 ice beasts
  3 black bears
  2 necrophages
  8 centaurs
  A phantom (D:4)
  A kobold brigand (D:9)
  A gnoll sergeant (D:7)
  7 bullfrogs
  4 scorpions
  A wyvern skeleton (D:7)
  2 water moccasin skeletons (D:5)
  3 electric eels (Lair:1)
  3 howler monkeys
  5 centaur zombies
  A bullfrog zombie (D:6)
  3 orc priests
  A centaur skeleton (D:7)
  2 gnoll shamans
  5 hounds
  2 jellies
  Ijyb (D:3)
  An iguana (D:5)
  8 orc wizards
  A killer bee zombie (D:8)
  19 gnolls
  9 adders
  A shadow imp (D:6)
  2 adder skeletons (D:4)
  2 worms
  28 orcs
  4 endoplasms
  3 giant cockroaches (D:2)
  7 goblins
  5 hobgoblins
  2 jackals (D:9)
  8 kobolds
  2 quokkas
  4 ball pythons
  A bat (D:1)
  5 frilled lizards
  A quokka skeleton (D:4)
  3 rats
233 creatures vanquished.

Vanquished Creatures (others)
  2 scorpions (D:4)
  2 hounds (D:4)
  A goblin (D:4)
  16 fungi
  21 plants
42 creatures vanquished.

Grand Total: 297 creatures vanquished

Notes
Turn   | Place    | Note
-------+----------+-------------------------------------------
     0 | D:1      | vurker the Demigod Summoner began the quest for the Orb.
     0 | D:1      | Reached XP level 1. HP: 14/14 MP: 5/5
   641 | D:1      | Reached XP level 2. HP: 20/22 MP: 4/7
  1879 | D:2      | Learned a level 2 spell: Call Imp
  1952 | D:2      | Reached skill level 4 in Summonings
  2028 | D:2      | Reached XP level 3. HP: 27/27 MP: 5/9
  2106 | D:2      | Reached skill level 1 in Fighting
  3344 | D:3      | Noticed Ijyb
  3384 | D:3      | Killed Ijyb
  3385 | D:3      | Reached XP level 4. HP: 20/35 MP: 1/11
  3632 | D:3      | Learned a level 3 spell: Call Canine Familiar
  3926 | D:3      | Reached XP level 5. HP: 38/41 MP: 6/12
  4738 | D:4      | Found Jodiowuc's General Store.
  4741 | D:4      | Bought a scroll of teleportation for 30 gold pieces
  4844 | D:4      | Noticed a necrophage
  4858 | D:4      | Killed a necrophage
  4859 | D:4      | Reached skill level 5 in Summonings
  4941 | D:4      | Reached XP level 6. HP: 46/48 MP: 3/14
  5474 | D:4      | Reached XP level 7. HP: 47/56 MP: 13/17
  5482 | D:4      | Reached skill level 6 in Summonings
  5586 | D:4      | Found a runed translucent door.
  5587 | D:4      | Noticed Hipnos's ghost (novice DEFE)
  5653 | D:5      | Entered Level 5 of the Dungeon
  5909 | D:5      | Reached skill level 5 in Spellcasting
  6994 | D:6      | Reached XP level 8. HP: 53/66 MP: 14/19
  7073 | D:6      | Found a staircase to the Ecumenical Temple.
  7118 | D:6      | Reached skill level 1 in Shields
  7118 | D:6      | Reached skill level 7 in Summonings
  7712 | D:6      | You fall into a shaft and drop 2 floors!
  7746 | D:7      | Found a runed translucent door.
  7808 | D:7      | Found Ricseyni's Assorted Antiques.
  7828 | D:7      | Noticed a troll
  7835 | D:7      | Killed a troll
  8274 | D:7      | Noticed Maggie
  8294 | D:7      | Killed Maggie
  8295 | D:7      | Reached skill level 8 in Summonings
  8295 | D:7      | Reached XP level 9. HP: 53/72 MP: 6/22
  8543 | D:7      | Noticed casual's ghost (novice DjCj)
  8931 | D:8      | Reached skill level 5 in Fighting
  9286 | D:8      | Found Xewaocin's Overcharged Wands.
  9550 | D:9      | Noticed Pikel
  9561 | D:9      | Killed Pikel
  9601 | D:9      | Reached skill level 9 in Summonings
  9756 | D:9      | Found Fimegafi's Island Escapes.
  9882 | D:9      | Found Pourphy's Weapon Shoppe.
  9887 | D:9      | Found Namish's Book Shop.
  9942 | D:9      | Reached XP level 10. HP: 76/82 MP: 18/25
 10009 | D:9      | Killed Maurice
 10472 | D:9      | Found Xeipn's Armour Shoppe.
 10586 | D:9      | Found a staircase to the Lair.
 10746 | D:9      | Bought a scroll of teleportation for 42 gold pieces
 10746 | D:9      | Bought a scroll of blinking for 105 gold pieces
 10771 | D:10     | Entered Level 10 of the Dungeon
 11866 | D:10     | Reached skill level 10 in Summonings
 12238 | D:11     | Noticed a two-headed ogre
 12255 | D:11     | Killed a two-headed ogre
 12313 | D:11     | Found a staircase to the Orcish Mines.
 12698 | D:11     | Noticed a boulder beetle
 12753 | D:11     | Killed a boulder beetle
 12754 | D:11     | Reached XP level 11. HP: 67/91 MP: 15/28
 12940 | D:11     | Noticed a seven-headed hydra
 12978 | D:11     | Killed a seven-headed hydra
 13165 | D:11     | Noticed a four-headed hydra
 13201 | D:11     | Killed a four-headed hydra
 13202 | D:11     | Reached skill level 11 in Summonings
 13494 | Lair:1   | Entered Level 1 of the Lair of Beasts
 15403 | Lair:2   | Reached skill level 10 in Spellcasting
 15850 | Lair:2   | Noticed a death yak
 15851 | Lair:2   | Noticed a death yak
 15852 | Lair:2   | Noticed a death yak
 15864 | Lair:2   | Noticed a death yak
 17383 | Lair:1   | Killed a death yak
 17384 | Lair:1   | Reached skill level 12 in Summonings
 17567 | Lair:2   | Killed a death yak
 17865 | Lair:2   | Quit the game

Illustrated notes

Levels and vault maps discovered:
D:1:      elethiomel_arrival_maze, layout_basic,
          chequers_ecumenical_altar_island, minmay_tetromino_l4
D:2:      minmay_alternating_diamond, layout_basic
D:3:      layout_basic, led_sif_pool, minmay_hedge_maze, st_stairs_14, uniq_ijyb
D:4:      layout_basic, xom_confusion_cloud, serial_shops, kennysheep_mini,
          gammafunk_ghost_grave
D:5:      layout_loops_ring, nicolae_elyvilon_temple_path,
          mainiacjoe_overflow_six_doors_small
D:6:      layout_rooms, zin_scriptorium, nicolae_ashenzari_skybound,
          minmay_temple_entry_gardened_gates
D:7:      layout_gridville, ebering_ghost_reflecting_pool, serial_shops, shop,
          uniq_maggie
D:8:      layout_rooms, ebering_dispersal_statue_hall,
          nicolae_shop_overcharged_wands
D:9:      layout_cave_pools, overflow_temple_1_default,
          grunt_temple_overflow_opulence, grunt_lair_entry_orc_guard_hut,
          serial_shops, shop, serial_gnoll_camp, gnoll_camp_mini_basic,
          gnoll_camp_mini_shop, gnoll_camp_mini_hut, gnoll_camp_mini_shop,
          nicolae_island_escapes, uniq_pikel, uniq_maurice
D:10:     layout_roguey
D:11:     layout_irregular_city, orc_0_dummy, grunt_ministairs_15,
          minmay_misc_feat_doors
Lair:1:   layout_layer_cave, serial_bayou, serial_bayou_pond_e,
          serial_bayou_shore_b, serial_bayou_shore_a, serial_bayou_shore_b
Lair:2:   layout_hall_layers

Skill      XL: |  1  2  3  4  5  6  7  8  9 10 11 |
---------------+----------------------------------+-----
Spellcasting   | 2 3 4 5 6 7 9 10 | 10.8
Summonings     | 4 5 6 8 9 10 12 | 12.1
Fighting       | 1 2 3 4 5 6 8 |  8.0
Shields        | 2 4 |  4.0
Dodging        | |  1.7
Stealth        | |  1.7

Action                   |  1- 3 |  4- 6 |  7- 9 | 10-12 || total
-------------------------+-------+-------+-------+-------++-------
Melee: Unarmed           |    50 |       |       |       ||    50
       Dagger            |    54 |   102 |   194 |   208 ||   558
 Cast: Summon Small Mamm |    49 |     8 |       |       ||    57
       Call Imp          |    22 |    31 |    56 |    75 ||   184
       Call Canine Famil |       |    19 |    43 |    84 ||   146
  Use: Scroll            |       |     4 |    12 |     2 ||    18
       Potion            |       |       |       |     1 ||     1
 Stab: Sleeping          |     3 |     2 |     1 |     1 ||     7
       Distracted        |     1 |     7 |     4 |     4 ||    16
Armor: Robe              |    31 |    57 |   144 |   111 ||   343
Dodge: Dodged            |    84 |    73 |   175 |   132 ||   464
Block: Buckler           |       |       |    63 |    58 ||   121

Table legend: (Time is in decaauts)
 A = Elapsed time spent in this place.
 B = Non-inter-level travel time spent in this place.
 C = Inter-level travel time spent in this place.
 D = Time resting spent in this place.
 E = Time spent auto-exploring this place.
 F = Levels seen in this place.
 G = Mean time per level.
                   A        B        C        D        E       F      G
               +--------+--------+--------+--------+--------+-----+--------+
         Total |  17905 |  17282 |    623 |   1123 |  12878 |  13 | 1377.3 |
       Dungeon |  13508 |  13038 |    470 |    164 |  10329 |  11 | 1228.0 |
          Lair |   4396 |   4243 |    153 |    959 |   2548 |   2 | 2198.0 |
               +--------+--------+--------+--------+--------+-----+--------+

Top non-repeatable levels by time:
  Lair:1: 2370 daAuts
  Lair:2: 2025 daAuts
     D:2: 1587 daAuts
     D:3: 1501 daAuts
     D:1: 1499 daAuts
    D:10: 1365 daAuts
    D:11: 1326 daAuts
     D:5: 1322 daAuts
     D:9: 1161 daAuts
     D:4: 1088 daAuts
     D:8: 956 daAuts
     D:7: 907 daAuts
     D:6: 790 daAuts
